 Dungeon Crawl Stone Soup version 0.31-a0-819-gf6de2f5ab6 (webtiles) character file.

Game seed: 8175437808475910623

314 Kurtz the Chopper (level 6, -1/42 HPs)
             Began as an Octopode Fighter on Sept 23, 2023.
             Was an Initiate of Okawaru.
             Slain by an orc wizard
             ... wielding a +0 dagger
              (3 damage)
             ... on level 4 of the Dungeon.
             The game lasted 00:03:17 (3309 turns).

Kurtz the Chopper (Octopode Fighter)                Turns: 3309, Time: 00:03:17

Health: -1/42      AC:  1    Str: 13 (15) XL:     6   Next: 43%
Magic:  6/6        EV: 13    Int: 10      God:    Okawaru [......]
Gold:   114        SH:  4    Dex: 12 (14) Spells: 5/5 levels left

rFire   . . .        p - +2 whip (elec)
rCold   . . .        b - +0 buckler
rNeg    . . .        (helmet restricted)
rPois   .            (no amulet)
rElec   .            (no ring)
rCorr   .            (no ring)
SInv    .            (no ring)
Will    .....        (no ring)
Stlth   ++           (no ring)
HPRegen 0.27/turn    (no ring)
MPRegen 0.10/turn    (no ring)
                     (no ring)

%: no passive effects
@: no status effects
A: almost no armour, amphibious, 8 rings, camouflage 1, gelatinous body 1,
(nimble swimmer 1), tentacles
a: Renounce Religion


You were on level 4 of the Dungeon.
You worshipped Okawaru.
Okawaru was noncommittal.
You visited 2 branches of the dungeon, and saw 5 of its levels.

You collected 114 gold pieces.

Inventory:

Hand Weapons
 a - a +0 war axe
 p - a +2 whip of electrocution (weapon)
Missiles
 n - 3 poisoned darts
Armour
 b - a +0 buckler (worn)
Jewellery
 e - a ring of protection from fire
Scrolls
 c - 2 scrolls of teleportation {unknown}
 d - 5 scrolls of identify {unknown}
 g - 2 scrolls of fog {unknown}
 h - a scroll of fear {unknown}
 i - a scroll of torment {unknown}
 l - a scroll of blinking {unknown}
Potions
 f - a potion of brilliance
 j - a potion of haste {unknown}
 m - a potion of mutation {unknown}
 o - a potion of heal wounds {unknown}


   Skills:
 - Level 3.0 Fighting
 * Level 6.5 Axes
 * Level 3.0 Dodging
 - Level 3.0 Shields
 * Level 0.2 Invocations


You had 5 spell levels left.
You didn't know any spells.
Your spell library was empty.

Dungeon Overview and Level Annotations

Branches:
Dungeon (4/15)             Temple (1/1) D:4

Altars:
Ashenzari
Cheibriados
Dithmenos
Elyvilon
Fedhas
Gozag
Hepliaklqana
Makhleb
Nemelex Xobeh
Okawaru
Qazlal
Ru
Trog
Uskayaw
Wu Jian
Xom
The Shining One

Annotations:
D:3 Jessica


Innate Abilities, Weirdness & Mutations

You cannot wear most types of armour.
You are amphibious.
You can wear up to eight rings at the same time.
Your skin changes colour to match your surroundings (Stealth+).
Your rubbery body absorbs attacks. (AC +1, EV +1)
((You are camouflaged when in or above water. (Stealth+)))
You have tentacles for arms and can constrict up to eight enemies at once.


Message History

Something hits you.
Unknown command.
No target in view!
Found a stone staircase leading down.
Something hits you.
Items here: $ )) [ †.
No target in view!
Found a dark potion.
A magic dart appears from out of thin air!
The magic dart hits you! Something hits you.
Items here: $ )) [ †.
You hit something. Your squeeze misses something. You block something's attack.
You hit something. Your squeeze misses something. You block something's attack.
You hit something but do no damage. Something hits you.
You hit something. Something hits you.
You hit something but do no damage.
You hear some strange, mumbled words.
A magic dart appears from out of thin air!
The magic dart hits you!
* * * LOW HITPOINT WARNING * * *
You miss something. Something hits you.
* * * LOW HITPOINT WARNING * * *
You miss something. Something hits you.
* * * LOW HITPOINT WARNING * * *
It was a potion of curing.
You feel better. Something hits you.
* * * LOW HITPOINT WARNING * * *
You closely miss something.
You hear some strange, mumbled words.
Something tries to affect you, but you resist.
You barely miss something. Something hits you.
* * * LOW HITPOINT WARNING * * *
You barely miss something. Something hits you but does no damage.
You miss something. Something hits you.
* * * LOW HITPOINT WARNING * * *
You miss something. Something hits you.
* * * LOW HITPOINT WARNING * * *
You miss something. Something hits you.
* * * LOW HITPOINT WARNING * * *
You hit something. Your squeeze misses something. Something hits you.
You die...

.####....# #.# #.
.#†###...## #.# ..
#.###..#...#####.#
#.#
.###...##...#..... .#
## #...####....##.
..## # ##....##...##
... #####.....#....##
...
......#.........###.#
########.......{@...#
#............# ##
.....#....>.....# .#
...............#...>!
########..........##
.... .#.#
##........## ... ..##
##........# .. ###
##........## . #..
##..#......## .


There were no monsters in sight!

Vanquished Creatures
  A phantom (D:4)
  2 jellies (D:4)
  A sleepcap (D:4)
  An iguana (D:4)
  Robin (D:3)
  3 adders
  An ufetubus (D:4)
  3 worms (D:2)
  3 orcs (D:4)
  5 bats
  5 endoplasms
  2 giant cockroaches (D:2)
  13 goblins
  7 hobgoblins
  3 jackals
  10 kobolds
  2 quokkas (D:3)
  6 ball pythons
  2 frilled lizards
  5 rats
76 creatures vanquished.

Notes
Turn   | Place    | Note
-------+----------+-------------------------------------------
     0 | D:1      | Kurtz the Octopode Fighter began the quest for the Orb.
     0 | D:1      | Reached XP level 1. HP: 16/16 MP: 1/1
    45 | D:1      | Reached XP level 2. HP: 16/21 MP: 2/2
   311 | D:1      | Reached skill level 3 in Axes
   896 | D:2      | Reached XP level 3. HP: 26/26 MP: 3/3
  1171 | D:2      | Found a faded altar of an unknown god.
  1180 | D:2      | Reached skill level 4 in Axes
  1452 | D:2      | Reached XP level 4. HP: 31/31 MP: 4/4
  1500 | D:2      | Found a sparkling altar of Nemelex Xobeh.
  1854 | D:3      | Noticed Robin
  2123 | D:3      | Killed Robin
  2358 | D:3      | Noticed Jessica
  2372 | D:3      | HP: 1/31 [orc/+0 flail (3)]
  2397 | D:4      | Reached skill level 5 in Axes
  2397 | D:4      | Reached XP level 5. HP: 9/36 MP: 5/5
  2777 | D:4      | Noticed a phantom
  2793 | D:4      | Killed a phantom
  2794 | D:4      | Reached skill level 6 in Axes
  2794 | D:4      | Reached XP level 6. HP: 31/42 MP: 6/6
  2940 | D:4      | Found a staircase to the Ecumenical Temple.
  2963 | Temple   | Entered the Ecumenical Temple
  2982 | Temple   | Became a worshipper of Warmaster Okawaru
  3308 | D:4      | HP: 2/42 [something (3)]
  3309 | D:4      | Slain by an orc wizard

Illustrated notes

Levels and vault maps discovered:
D:1:      minmay_arrival_solitary_statue, layout_basic
D:2:      minmay_general_purpose_star, layout_basic, basic_ecumenical_altar,
          basic_altar
D:3:      layout_loops_corners, mainiacjoe_overflow_alcove_2,
          mainiacjoe_overflow_alcove_4, chequers_serial_rivers_micro_d,
          uniq_natasha, uniq_jessica, uniq_robin
D:4:      wad_crossroads, layout_layer_cave, minmay_temple_entry_arrows
Temple:   nicolae_temple_slightly_damp_pantheon

Skill      XL: |  1  2  3  4  5 |
---------------+----------------+-----
Axes           | 3 4 5 6 |  6.5
Fighting       | |  3.0
Dodging        | |  3.0
Shields        | |  3.0
Invocations    | |  0.2

Action                     |  1- 3 |  4- 6 || total
---------------------------+-------+-------++-------
  Melee: War axe           |    66 |    66 ||   132
         Constrict         |    17 |    19 ||    36
         Tentacles         |    11 |    14 ||    25
         Punch             |     1 |     3 ||     4
         Whip              |       |    20 ||    20
    Use: Potion            |       |     5 ||     5
   Stab: Sleeping          |     4 |     4 ||     8
         Distracted        |     1 |       ||     1
 Armour: Skin              |    26 |    59 ||    85
  Dodge: Dodged            |    52 |    48 ||   100
  Block: Buckler           |    24 |    11 ||    35

Table legend: (Time is in decaauts)
 A = Elapsed time spent in this place.
 B = Non-inter-level travel time spent in this place.
 C = Inter-level travel time spent in this place.
 D = Time resting spent in this place.
 E = Time spent auto-exploring this place.
 F = Levels seen in this place.
 G = Mean time per level.
                   A        B        C        D        E       F      G
               +--------+--------+--------+--------+--------+-----+--------+
         Total |   3352 |   3186 |    166 |    413 |   2253 |   5 |  670.4 |
       Dungeon |   3313 |   3184 |    129 |    413 |   2253 |   4 |  828.2 |
        Temple |     38 |      1 |     37 |      0 |      0 |   1 |   38.0 |
               +--------+--------+--------+--------+--------+-----+--------+

Top non-repeatable levels by time:
     D:2: 1416 daAuts
     D:4: 883 daAuts
     D:1: 721 daAuts
     D:3: 291 daAuts
  Temple: 38 daAuts
